 Dungeon Crawl Stone Soup version 0.21.1-1-g345015f (webtiles) character file.

44 suicidejoker the Insei (level 3, -3/24 HPs)
             Began as an Octopode Transmuter on Apr 2, 2018.
             Slain by a worm (11 damage)
             ... on level 2 of the Dungeon.
             The game lasted 00:03:54 (1663 turns).

suicidejoker the Insei (Octopode Transmuter)        Turns: 1663, Time: 00:03:55

Health: -3/24      AC:  1    Str:  9    XL:     3   Next: 60%
Magic:  6/6        EV: 14    Int: 15    God:
Gold:   74         SH:  0    Dex: 13    Spells: 5/6 levels left

rFire    . . .     SeeInvis .     - Unarmed
rCold    . . .     Gourm    .   (no shield)
rNeg     . . .     Faith    .   (helmet restricted)
rPois    .         Spirit   .   (no amulet)
rElec    .         Reflect  .   k - ring of wizardry
rCorr    .         Harm     .   (no ring)
MR       .....                  (no ring)
Stlth    ++........             (no ring)
HPRegen  0.08/turn              (no ring)
MPRegen  0.10/turn              (no ring)
                                (no ring)
                                (no ring)

@: no status effects
A: almost no armour, stealthy swim, amphibious, 8 rings, constrict 8, camouflage
1, gelatinous body 1
a: no special abilities


You were on level 2 of the Dungeon.
You were not hungry.

You visited 1 branch of the dungeon, and saw 2 of its levels.

You collected 74 gold pieces.

Inventory:

Hand Weapons
 q - a +0 mace of protection
Missiles
 a - 53 arrows
 d - 54 stones (quivered)
 l - 8 bolts
 n - 15 poisoned needles
Jewellery
 k - a ring of wizardry (left tentacle)
Scrolls
 e - 3 scrolls of identify {unknown}
 f - a scroll of enchant armour {unknown}
 g - 2 scrolls of immolation {unknown}
 i - 3 scrolls of remove curse {unknown}
 m - a scroll of magic mapping {unknown}
 o - a scroll of fog {unknown}
Potions
 h - a potion of berserk rage {unknown}
 j - a potion of flight {unknown}
 p - a potion of degeneration {unknown}
Books
 b - a book of Changes

   Spells                             Type                      Level
   a - Beastly Appendage              Transmutation                1
   b - Sticks to Snakes               Transmutation                2
   c - Spider Form                    Transmutation/Poison         3
   d - Ice Form                       Ice/Transmutation            4
   e - Blade Hands                    Transmutation                5
Comestibles
 c - 3 rations


   Skills:
 + Level 1.7 Fighting
 + Level 2.5 Dodging
 * Level 3.8 Unarmed Combat
 - Level 2.0 Spellcasting
 - Level 2.0 Transmutations


You had 5 spell levels left.
You knew the following spells:

 Your Spells              Type           Power        Failure   Level  Hunger
a - Beastly Appendage     Tmut           #.....       4%          1    #......


Dungeon Overview and Level Annotations

Branches:
Dungeon (2/15)

Altars:


Innate Abilities, Weirdness & Mutations

You cannot wear most types of armour.
You are very stealthy in the water. (Stealth+)
You are amphibious.
You can wear up to eight rings at the same time.
You can use your tentacles to constrict eight enemies at once.
Your skin changes colour to match your surroundings (Stealth+).
Your rubbery body absorbs attacks. (AC +1, EV +1)


Message History

You constrict the worm, but do no damage.
The worm bites you!
You are too injured to fight recklessly!
You are too injured to fight recklessly!
You are too injured to fight recklessly!
You are too injured to fight recklessly!
You are too injured to fight recklessly!
You are too injured to fight recklessly!
You are too injured to fight recklessly!
You are too injured to fight recklessly!
You are too injured to fight recklessly!
You are too injured to fight recklessly!
You are too injured to fight recklessly!
You are too injured to fight recklessly!
You are too injured to fight recklessly!
You are too injured to fight recklessly!
You tentacle-slap the worm.
The worm is moderately wounded.
You constrict the worm. The worm bites you!
You die...

...........#.....# #.#
######.....#.....+...# ...
#.....#.....#...# .#
...###..†.....####...##.#
........................
##................[...#
##....#...#...........##
#######...###..$w.......
......#...# ###.@..#+#.
......#...## #.....#.# #
......#......#...†.#.#.#.#
......#...........†......#
#######......##.....##.###
#......### #.........#
####...## # #....†##..#
.......##.#.........# .#
.......'..#......#.... ..


You could see a worm.

Vanquished Creatures
  2 adders (D:2)
  3 leopard geckos
  A ball python (D:1)
  2 bats (D:1)
  A giant cockroach (D:2)
  2 goblins (D:1)
  3 hobgoblins
  A quokka (D:2)
  A frilled lizard (D:2)
  A kobold (D:1)
  7 rats
24 creatures vanquished.

Notes
Turn   | Place    | Note
-------+----------+-------------------------------------------
     0 | D:1      | suicidejoker the Octopode Transmuter began the quest for the Orb.
     0 | D:1      | Reached XP level 1. HP: 13/13 MP: 3/3
   200 | D:1      | Reached XP level 2. HP: 16/18 MP: 5/5
  1578 | D:2      | Reached XP level 3. HP: 21/23 MP: 6/6
  1663 | D:2      | Slain by a worm

Action                   || total
-------------------------++-------
Melee: Unarmed           ||    62
       Constrict         ||    17
       Tentacles         ||    12
 Stab: Sleeping          ||     3
  Eat: Chunk             ||     2
Armor: Skin              ||     5
Dodge: Dodged            ||    46
